 Dungeon Crawl Stone Soup version 0.28-a0-938-gbc3f381ebc (webtiles) character file.

Game seed: 16900298467086287747

5 bearlyready the Charlatan (level 1, -3/15 HPs)
             Began as a Merfolk Artificer on Nov 28, 2021.
             Slain by a quokka (4 damage)
             ... on level 1 of the Dungeon.
             The game lasted 00:00:28 (81 turns).

bearlyready the Charlatan (Merfolk Artificer)         Turns: 81, Time: 00:00:28

Health: -3/15      AC:  3    Str: 12    XL:     1   Next: 80%
Magic:  1/1        EV: 12    Int: 10    God:
Gold:   3          SH:  0    Dex: 14    Spells: 0/0 levels left

rFire   . . .      SeeInvis .   a - +0 club
rCold   . . .      Faith    .   (no shield)
rNeg    . . .      Spirit   .   b - +0 leather armour
rPois   .          Reflect  .   (no helmet)
rElec   .          Harm     .   (no cloak)
rCorr   .          Rampage  .   (no gloves)
Will    .....                   (no boots)
Stlth   +.........              (no amulet)
HPRegen 0.05/turn               (no ring)
MPRegen 0.07/turn               (no ring)

@: no status effects
A: (nimble swimmer 2), mertail
a: no special abilities


You were on level 1 of the Dungeon.
You visited 1 branch of the dungeon, and saw 1 of its levels.

You collected 3 gold pieces.

Inventory:

Hand Weapons
 a - a +0 club (weapon)
Missiles
 g - 20 arrows
 h - 34 stones
Armour
 b - a +0 leather armour (worn)
 f - a +0 leather armour
Wands
 c - a wand of flame (11) (quivered)
 d - a wand of charming (15)
Miscellaneous
 e - a piece from Xom's chessboard (15/15)


   Skills:
 + Level 1.5 Fighting
 - Level 0.6 Armour
 - Level 2.6 Dodging
 - Level 1.1 Stealth
 + Level 3.2 Evocations


You couldn't memorise any spells.
You didn't know any spells.
Your spell library was empty.

Dungeon Overview and Level Annotations

Branches:
Dungeon (1/15)

Altars:


Innate Abilities, Weirdness & Mutations

((You are quick and stealthy near water. (Stealth+, EV+, Speed+++)))
Your lower body shifts to a powerful aquatic tail in water.


Message History

You are too injured to fight recklessly!
You are too injured to fight recklessly!
You are too injured to fight recklessly!
You are too injured to fight recklessly!
You are too injured to fight recklessly!
You are too injured to fight recklessly!
You are too injured to fight recklessly!
Aiming: Throw Flame
Press: ? - help, Q - select action, (/) - cycle Shift-Dir - straight line, f - goblin
Aim: a goblin, wielding a +0 club (heavily wounded, 64% to hit)
The puff of flame hits the goblin!
You kill the goblin!
Aiming: Throw Flame
Press: ? - help, Q - select action, (/) - cycle Shift-Dir - straight line, f - hobgoblin
Aim: a hobgoblin (71% to hit)
The puff of flame hits the hobgoblin!
You kill the hobgoblin!
Aiming: Throw Flame
Press: ? - help, Q - select action, (/) - cycle Shift-Dir - straight line, f - goblin
Aim: a goblin, wielding a +0 club (64% to hit)
The puff of flame misses the goblin.
Aiming: Throw Flame
Press: ? - help, Q - select action, (/) - cycle Shift-Dir - straight line, f/p - goblin
Aim: a goblin, wielding a +0 club (64% to hit)
The puff of flame hits the goblin!
You kill the goblin!
Things that are here:
a +0 club; a +0 club; a goblin corpse You see here 3 gold pieces.
You now have 3 gold pieces.
The quokka closely misses you.
You hit the quokka.
The quokka is moderately wounded.
The quokka bites you. x2
* * * LOW HITPOINT WARNING * * *
You hit the quokka.
The quokka is almost dead.
The quokka twitches its whiskers.
The quokka bites you.
You die...

.. .... ..#. .# #.#
.... #... ..... ..#
#.#. .#.# ..# #. .
... ..### #. .#.#
....# #.##r# ....#
#..@.+
....#######+###.#)#
#.....#.........#.#
.#....#.........#.#
..#.............#.#
8.#...............#
..#...............#
⌠#....†...........#
#.....#...........#


You could see a quokka.

Vanquished Creatures
  2 goblins (D:1)
  2 hobgoblins (D:1)
4 creatures vanquished.

Notes
Turn   | Place    | Note
-------+----------+-------------------------------------------
     0 | D:1      | bearlyready the Merfolk Artificer began the quest for the
                  | Orb.
     0 | D:1      | Reached XP level 1. HP: 15/15 MP: 1/1
     9 | D:1      | Found a faded altar of an unknown god.
    81 | D:1      | Slain by a quokka

Illustrated notes

Levels and vault maps discovered:
D:1:      dpeg_arrival_fog, layout_basic, shapermc_ecumenical_altar_venn,
          st_stairs_10, minivault_14, kennysheep_minor_cross

Action                   || total
-------------------------++-------
Melee: Club              ||     8
Evoke: Wand              ||     4
Armor: Leather armour    ||     2
Dodge: Dodged            ||     5

Table legend: (Time is in decaauts)
 A = Elapsed time spent in this place.
 B = Non-inter-level travel time spent in this place.
 C = Inter-level travel time spent in this place.
 D = Time resting spent in this place.
 E = Time spent auto-exploring this place.
 F = Levels seen in this place.
 G = Mean time per level.
                   A        B        C        D        E       F      G
               +--------+--------+--------+--------+--------+-----+--------+
         Total |     83 |     83 |      0 |      0 |     46 |   1 |   83.0 |
       Dungeon |     83 |     83 |      0 |      0 |     46 |   1 |   83.0 |
               +--------+--------+--------+--------+--------+-----+--------+

Top non-repeatable levels by time:
     D:1: 83 daAuts
